 Dungeon Crawl Stone Soup version 0.26-a0-708-g17f3b190f9 (webtiles) character file.

Game seed: 9740795208588896697

388540 Gargoyl the Unseen (level 23, -36/149 HPs)
             Began as a Gnoll Abyssal Knight on Oct 28, 2020.
             Was a Priest of Lugonu.
             Killed from afar by an ancient lich (95 damage)
             ... with a crystal spear
             ... on level 4 of the Vaults on Oct 29, 2020.
             The game lasted 01:46:21 (64671 turns).

Gargoyl the Unseen (Gnoll Abyssal Knight)          Turns: 64671, Time: 01:46:21

Health: -36/149    AC: 31    Str: 17 (20) XL:     23   Next: 35%
Magic:  41/41      EV: 18    Int: 20      God:    Lugonu [***...]
Gold:   2939       SH: 30    Dex: 28 (30) Spells: 51/51 levels left

rFire    + + +     SeeInvis .   m - +9 broad axe (venom)
rCold    + . .     Faith    .   B - +10 tower shield of Ignorance {rN+ Int-4}
rNeg     + + .     Spirit   .   u - +6 plate armour of Asceticism {*Corrode rC+ Regen+ Dex+3}
rPois    +         Reflect  .   N - +2 helmet of Howling Wind {rElec Stlth+}
rElec    +         Harm     .   n - scarf {repulsion}
rCorr    .         Rampage  .   v - +2 pair of gloves
MR       +++..                  R - +1 pair of boots of Hepliaklqana's Regard {rPois Dex+3}
Stlth    ++++......             Q - macabre finger necklace {rN+}
HPRegen  0.74/turn              C - ring of Pext {rPois rF+ Dex+3}
MPRegen  0.27/turn              j - ring of Creativity {*Corrode rF+ EV+4 Int+3 Dex+4}
                                U - ring of the Echidna {rF+ MR+ Int+4}

@: corroded, studying 2 skills, lightly drained, repel missiles
A: distributed training, fangs 1, hooves 2, yellow scales 1, deterioration 1,
fire resistance 2, frail 2, magic resistance 1, strong nose
}: 1/15 runes: serpentine
a: Depart the Abyss, Bend Space, Banish, Renounce Religion


You were on level 4 of the Vaults.
You worshipped Lugonu.
Lugonu was most pleased with you.
You visited 6 branches of the dungeon, and saw 35 of its levels.
You visited the Abyss 6 times.

You collected 5600 gold pieces.
You spent 2661 gold pieces at shops.

Inventory:

Hand Weapons
 m - a +9 broad axe of venom (weapon)
 D - a +3 broad axe of electrocution
 V - a +3 scimitar of flaming
 X - a +0 vampiric broad axe
 Y - a +2 falchion of holy wrath
Missiles
 L - 16 curare-tipped darts (quivered)
Armour
 n - a scarf of repulsion (worn)
 u - the +6 plate armour of Asceticism (worn) {*Corrode rC+ Regen+ Dex+3}
   (You bought it in a shop on level 2 of the Orcish Mines)

   It affects your dexterity (+3).
   It protects you from cold.
   It increases your rate of regeneration.
   It may corrode you when you take damage.
 v - a +2 pair of gloves (worn)
 B - the +10 tower shield of Ignorance (worn) {rN+ Int-4}
   (You found it on level 2 of the Orcish Mines)

   It affects your intelligence (-4).
   It protects you from negative energy.
 N - the +2 helmet of Howling Wind (worn) {rElec Stlth+}
   (You found it on level 10 of the Dungeon)

   It insulates you from electricity.
   It makes you more stealthy.
 R - the +1 pair of boots of Hepliaklqana's Regard (worn) {rPois Dex+3}
   (You found it on level 12 of the Dungeon)

   It affects your dexterity (+3).
   It protects you from poison.
Jewellery
 a - the ring of the Mage {Wiz MR++ Int+3}
   (You found it on level 2 of the Vaults)

   [ring of wizardry]

   It improves your spell success rate.
   It affects your intelligence (+3).
   It affects your resistance to hostile enchantments.
 b - an uncursed ring of wizardry
 f - an uncursed amulet of faith {unknown}
 j - the ring of Creativity (right hand) {*Corrode rF+ EV+4 Int+3 Dex+4}
   (You found it on level 3 of the Dungeon)

   [ring of evasion]

   It affects your evasion (+4).
   It affects your intelligence (+3).
   It affects your dexterity (+4).
   It protects you from fire.
   It may corrode you when you take damage.
 x - an uncursed ring of flight
 C - the ring of Pext (left hand) {rPois rF+ Dex+3}
   (You found it on level 2 of the Elven Halls)

   [ring of protection from fire]

   It affects your dexterity (+3).
   It protects you from fire.
   It protects you from poison.
 F - an uncursed ring of stealth
 Q - the macabre finger necklace (around neck) {rN+}
   (You found it on level 12 of the Dungeon)

   [amulet of nothing]

   It protects you from negative energy.
 U - the ring of the Echidna (on amulet) {rF+ MR+ Int+4}
   (You found it on level 5 of the Lair of Beasts)

   [ring of protection from magic]

   It affects your intelligence (+4).
   It protects you from fire.
   It affects your resistance to hostile enchantments.
Wands
 s - a wand of iceblast (8)
Scrolls
 d - 15 scrolls of remove curse
 o - a scroll of fog
 p - 12 scrolls of teleportation
 q - 12 scrolls of identify
 y - 2 scrolls of brand weapon
 z - 5 scrolls of immolation
 E - a scroll of blinking
 G - 7 scrolls of magic mapping
 M - 4 scrolls of fear
Potions
 c - 5 potions of stabbing
 e - 4 potions of heal wounds
 g - 11 potions of curing
 h - 2 potions of mutation
 i - a potion of invisibility
 k - 5 potions of cancellation
 l - 7 potions of flight
 r - 7 potions of ambrosia
 t - a potion of berserk rage
 w - 3 potions of magic
 A - 3 potions of resistance
 H - 3 potions of haste
 K - 2 potions of might
 O - a potion of brilliance
Books
 S - a manual of Stealth
 W - a manual of Fighting


   Skills:
 + Level 17.0(16.9) Fighting
 + Level 14.9(14.8) Short Blades
 + Level 14.9(14.8) Long Blades
 + Level 15.4 Axes
 + Level 14.9(14.8) Maces & Flails
 + Level 14.9(14.8) Polearms
 + Level 14.9(14.8) Staves
 + Level 14.9(14.8) Slings
 + Level 14.9(14.8) Bows
 + Level 14.9(14.8) Crossbows
 + Level 14.9(14.8) Throwing
 + Level 15.4 Armour
 + Level 15.1(15.0) Dodging
 + Level 18.5(18.4) Stealth
 + Level 14.9(14.8) Shields
 + Level 14.9(14.8) Unarmed Combat
 + Level 14.9(14.8) Spellcasting
 + Level 12.8 Conjurations
 + Level 12.8 Hexes
 + Level 12.8 Summonings
 + Level 12.8 Necromancy
 + Level 12.8 Translocations
 + Level 12.8 Transmutations
 + Level 12.8 Fire Magic
 + Level 12.8 Ice Magic
 + Level 12.8 Air Magic
 + Level 12.8 Earth Magic
 + Level 12.8 Poison Magic
 + Level 16.6(16.5) Invocations
 + Level 14.9(14.8) Evocations


You had 51 spell levels left.
You didn't know any spells.
Your spell library contained the following spells:

 Spells                   Type           Power        Failure   Level
 Animate Skeleton         Necr           ######       1%          1
 Beastly Appendage        Tmut           ######       1%          1
 Corona                   Hex            ######.      1%          1
 Freeze                   Ice            ####         1%          1
 Pain                     Necr           ####         1%          1
 Shock                    Conj/Air       ####         1%          1
 Sting                    Tmut/Pois      ####         1%          1
 Summon Small Mammal      Summ           ####         1%          1
 Blink                    Tloc           N/A          1%          2
 Call Imp                 Summ           ######..     1%          2
 Corpse Rot               Necr/Air       N/A          1%          2
 Ensorcelled Hibernation  Hex/Ice        ######       1%          2
 Passwall                 Tmut/Erth      ######..     1%          2
 Poisonous Vapours        Pois/Air       ######       1%          2
 Swiftness                Air            ######..     1%          2
 Wereblood                Tmut           ######..     1%          2
 Call Canine Familiar     Summ           ######..     3%          3
 Confusing Touch          Hex            ######..     3%          3
 Dazzling Flash           Conj/Hex       ######       3%          3
 Frozen Ramparts          Ice            ######       3%          3
 Ignite Poison            Fire/Tmut/Pois ######..     3%          3
 Mephitic Cloud           Conj/Pois/Air  ######..     3%          3
 Ozocubu's Armour         Ice            ######..     3%          3
 Portal Projectile        Hex/Tloc       ######       3%          3
 Spider Form              Tmut/Pois      ######....   3%          3
 Static Discharge         Conj/Air       ######..     3%          3
 Stone Arrow              Conj/Erth      ######       3%          3
 Summon Guardian Golem    Hex/Summ       ######..     3%          3
 Tukima's Dance           Hex            ######..     3%          3
 Vampiric Draining        Necr           ######....   3%          3
 Airstrike                Air            ######....   13%         4
 Animate Dead             Necr           ######....   13%         4
 Hailstorm                Conj/Ice       ######..     13%         4
 Ice Form                 Ice/Tmut       ######..     13%         4
 Leda's Liquefaction      Hex/Erth       ######....   13%         4
 Olgreb's Toxic Radiance  Pois           ######..     13%         4
 Passage of Golubria      Tloc           N/A          13%         4
 Summon Ice Beast         Ice/Summ       ######..     13%         4
 Summon Lightning Spire   Summ/Air       ######..     13%         4
 Agony                    Necr           ######..     34%         5
 Blade Hands              Tmut           ######....   34%         5
 Bolt of Magma            Conj/Fire/Erth ######....   34%         5
 Borgnjor's Vile Clutch   Necr/Erth      ######....   34%         5
 Fireball                 Conj/Fire      ######....   34%         5
 Iskenderun's Battlesphe  Conj           ######..     34%         5
 Lee's Rapid Deconstruct  Erth           ######....   34%         5
 Lightning Bolt           Conj/Air       ######....   34%         5
 Metabolic Englaciation   Hex/Ice        ######....   34%         5
 Silence                  Hex/Air        ######....   34%         5
 Summon Forest            Summ/Tloc      ######....   34%         5
 Conjure Ball Lightning   Conj/Air       ######....   89%         6
 Death Channel            Necr           ######....   89%         6
 Eringya's Noxious Bog    Tmut/Pois      ######....   89%         6
 Freezing Cloud           Conj/Ice/Air   ######....   89%         6
 Hydra Form               Tmut           ######....   89%         6
 Invisibility             Hex            ######..     89%         6
 Iron Shot                Conj/Erth      ######....   89%         6
 Ozocubu's Refrigeration  Ice            ######....   89%         6
 Simulacrum               Ice/Necr       ######....   89%         6
 Statue Form              Tmut/Erth      ######...    89%         6
 Orb of Destruction       Conj           ######....   100%        7
 Spellforged Servitor     Conj/Summ      ######....   100%        7
 Summon Hydra             Summ           ######....   100%        7
 Ignition                 Fire           ######....   100%        8
 Shatter                  Erth           ######....   100%        9
 Tornado                  Air            ######....   100%        9


Dungeon Overview and Level Annotations

Branches:
Dungeon (15/15)            Temple (0/1) D:6            Lair (6/6) D:11
  Swamp (0/4) Lair:3        Snake (4/4) Lair:3        Slime (0/5) Lair:5
    Orc (2/2) D:11            Elf (3/3) Orc:2        Vaults (5/5) D:14
  Crypt (0/3) Vaults:3     Depths (0/5) D:15

Altars:
Dithmenos
Qazlal
Sif Muna
Xom
Jiyva

Shops:
D:4 (   D:6 (   D:7 ?:*   D:12 *   D:14 }   Orc:2 *([:   Elf:3 *=*[(
Snake:2 }   Snake:3 =}=   Vaults:1 [   Vaults:2 [*(!:

Annotations:
D:14 corrupted
Lair:6 1 runed translucent door, CheiIsBae's ghost, journeyman HOFi
Orc:2 1 runed translucent door, corrupted
Elf:3 corrupted
Vaults:1 Mara
Vaults:5 corrupted
Abyss:1 Fannar


Innate Abilities, Weirdness & Mutations

Your experience applies equally to all skills.
You have very sharp teeth.
Your uncanny sense of smell can sniff out nearby items.
You have hoof-like feet.
You are partially covered in yellow scales. (AC +2)
Your body sometimes deteriorates upon taking damage.
Your flesh is very heat resistant. (rF++)
You are very frail. (-20% HP)
You are resistant to hostile enchantments. (MR+)


Message History

You feel much better. You block the ancient lich's attack.
A vault warden comes into view. It is wielding a +1 war axe.
There is an escape hatch in the ceiling here.
The ancient lich points at you and mumbles some strange words.
The bolt of acid hits you!!
* * * LOW HITPOINT WARNING * * *
Your body deteriorates!
You feel weakened.
You are splashed with acid!
* * * LOW HITPOINT WARNING * * *
The ancient lich touches you but does no damage.
A mysterious force pulls you upwards. The hatch slams shut behind you.
You hit the ancient lich but do no damage.
You bite the ancient lich, but do no damage.
The ancient lich casts a spell at you. The bolt of acid misses you.
You feel much better.
The ancient lich points at you and mumbles some strange words.
The crystal spear hits you!!!!
Ouch! That really hurt!
You die...

...## ##...#.....#.......#.....#.
##()###..###.....#.......#.....#.
#[)[(...# #.....#.......#.....#.
#####)######.....#.......#.....#.
..###(..###......#.......#.....##
..##.....##......#########.......
..#.......#......................
..#.......#......................
..#.......#.....@L...............
..#...<...#.<....................
..#.......#......................
..#########......................
.................................
.................................
########'#########....####'######
..........# #....##.........
..........# #....##.........


You could see an ancient lich (fast).

Vanquished Creatures
  Vashnia (Snake:4)
  Margery (Vaults:2)
  A golden dragon (Vaults:5)
  The ghost of happy the Severer, an adept PaFi of Zin (Elf:2)
  Jorgrun (D:15)
  Asterion (Vaults:3)
  Rupert (D:12)
  A titan (Vaults:2)
  A lich (Vaults:2)
  A deep elf blademaster (Elf:2)
  3 sphinxes
  Kirke (Lair:6)
  4 shadow dragons
  A tentacled starspawn (Abyss:1)
  A tengu reaver (Vaults:5)
  Donald (Vaults:3)
  A fire giant (Vaults:3)
  3 frost giants
  18 nagarajas
  4 deep elf sorcerers (Elf:3)
  2 ghouls (D:13)
  9 vault wardens
  An orc warlord (Orc:2)
  3 deep elf elementalists
  Aizul (Snake:1)
  9 ironheart preservers
  7 stone giants
  The ghost of Acosmix the Slicer, a journeyman GrFi of Okawaru (Lair:4)
  An entropy weaver (Vaults:5)
  5 deep elf demonologists
  Azrael (Snake:1)
  9 deep elf annihilators
  A minotaur (Lair:4)
  An ettin (Vaults:4)
  Snorg (Lair:5)
  5 deep elf death magi
  A crystal guardian (Vaults:3)
  6 deep elf high priests (Elf:3)
  A fire dragon (Lair:4)
  25 vault guards
  8 yaktaur captains
  A great orb of eyes (Vaults:4)
  9 ogre magi
  2 hydras
  5 rakshasas
  5 boulder beetles
  3 ice dragons
  9 centaur warriors
  3 catoblepae
  18 naga warriors
  9 anacondas
  5 death knights
  26 dancing weapons
  23 two-headed ogres
  10 death yaks
  3 deep troll earth magi
  A tengu warrior (Abyss:1)
  3 orc high priests (Orc:2)
  2 vampire magi
  4 shock serpents
  Urug (Lair:6)
  A thrashing horror (Abyss:1)
  Sonja (Orc:2)
  18 naga sharpshooters
  24 deep elf knights
  2 shadow wraiths (Vaults:2)
  3 salamander mystics
  11 skeletal warriors
  5 hell knights (Vaults:2)
  13 deep trolls
  13 deep elf archers
  A glowing orange brain (Vaults:1)
  14 naga ritualists
  A flayed ghost (Vaults:4)
  An orange crystal statue (Orc:2)
  2 unseen horrors
  2 phantasmal warriors
  4 wizards
  Pikel (D:5)
  4 necromancers
  16 ironbrand convokers
  11 mana vipers
  15 ugly things
  6 wolf spiders
  4 harpies (Vaults:3)
  6 cyclopes
  A fire giant zombie (D:15)
  A mana viper (shapeshifter) (Vaults:4)
  60 deep elf magi
  An iron dragon zombie (D:15)
  12 orc knights
  7 orc sorcerers
  A shining eye (shapeshifter) (Vaults:1)
  5 salamanders
  Joseph (D:9)
  5 guardian serpents
  A centaur zombie (D:13)
  17 naga magi
  43 black mambas
  16 vault sentinels
  A human skeleton (Vaults:1)
  A cane toad (shapeshifter) (Vaults:1)
  A smoke demon (Abyss:1)
  4 gargoyles
  2 torpor snails
  23 cane toads
  14 rime drakes
  10 komodo dragons
  2 yaktaur zombies (Vaults:1)
  7 freezing wraiths
  An efreet (Abyss:1)
  32 yaktaurs
  A yaktaur skeleton (D:15)
  A guardian mummy (D:13)
  13 trolls
  A troll (shapeshifter) (Vaults:4)
  An ancient zyme (Abyss:1)
  5 hornets
  2 hornets (shapeshifter)
  4 tyrant leeches
  2 polar bears
  20 slime creatures
  A wind drake (shapeshifter) (Vaults:3)
  A meliai zombie (D:13)
  38 blink frogs
  9 dream sheep
  A spriggan zombie (D:15)
  A frost giant simulacrum (Vaults:1)
  3 air elementals (Elf:3)
  6 water elementals
  2 shadows
  4 vampires
  2 ynoxinuls (Abyss:1)
  5 basilisks
  7 wraiths
  8 wyverns
  42 yaks
  A fire elemental (Snake:1)
  6 hogs (Lair:5)
  11 steam dragons
  11 vampire mosquitoes
  5 insubstantial wisps (Abyss:1)
  3 large abominations (Abyss:1)
  12 wargs
  16 water moccasins
  74 nagas
  4 hell hounds
  2 acid dragons
  A swamp drake (Lair:3)
  3 phantoms
  3 ice beasts
  6 sky beasts
  44 orc warriors
  6 black bears
  4 boggarts
  2 eyes of draining
  23 ogres
  A necrophage (D:9)
  13 wolves
  A lemure (D:5)
  21 centaurs
  2 big kobolds (D:14)
  A human zombie (Vaults:1)
  24 bullfrogs
  A wyvern zombie (D:15)
  2 earth elementals (Elf:2)
  2 scorpions
  3 small abominations
  6 killer bees
  5 wights (D:14)
  2 electric eels
  8 howler monkeys
  5 jellies
  3 quasits
  2 bullfrog zombies
  2 human simulacra
  5 centaur skeletons
  22 orc priests
  9 hounds
  3 bullfrog skeletons
  An iron imp (Abyss:1)
  An iguana (D:8)
  33 orc wizards
  10 worker ants
  2 hound zombies
  A hound skeleton (D:7)
  A mummy (D:13)
  3 worker ant zombies
  3 gnolls (D:3)
  8 adders
  A shadow imp (D:8)
  3 white imps
  An ufetubus (D:5)
  2 oozes
  An adder zombie (D:7)
  5 adder skeletons
  A worm (D:2)
  2 dart slugs
  7 leopard geckos
  80 orcs
  10 bats
  4 giant cockroaches
  8 goblins
  8 hobgoblins
  8 jackals
  6 quokkas
  A ball python (D:3)
  5 frilled lizards
  4 jackal skeletons
  10 kobolds
  2 leopard gecko skeletons
  2 quokka skeletons (D:4)
  6 rats
  A crawling corpse (Elf:3)
  2 starspawn tentacles (Abyss:1)
1538 creatures vanquished.

Vanquished Creatures (others)
  A sphinx (Vaults:5)
  Roxanne (D:14)
  A deep elf sorcerer (Elf:3)
  A frost giant (Vaults:5)
  A deep elf elementalist (Elf:3)
  2 deep elf demonologists (Elf:3)
  2 deep elf annihilators
  A yaktaur captain (Vaults:5)
  2 deep elf death magi
  2 deep elf high priests (Elf:3)
  2 vault guards (Vaults:5)
  An unseen horror (D:10)
  3 orange crystal statues (Orc:2)
  5 deep elf magi
  A yaktaur (D:14)
  2 water elementals (Elf:3)
  A fire elemental (Snake:1)
  3 nagas
  An orc warrior (Orc:2)
  An ogre (Vaults:3)
  A centaur (Vaults:3)
  An earth elemental (Elf:3)
  2 orc wizards
  3 orcs (Orc:2)
  A kobold (D:14)
  3 crawling corpses (Elf:3)
  61 fungi
  117 plants
  15 starspawn tentacles
  16 withered plants
254 creatures vanquished.

Grand Total: 1792 creatures vanquished

Notes
Turn   | Place    | Note
-------+----------+-------------------------------------------
     0 | Abyss:1  | Gargoyl the Gnoll Abyssal Knight began the quest for the
                  | Orb.
     0 | Abyss:1  | Reached XP level 1. HP: 23/23 MP: 3/3
   173 | Abyss:1  | Noticed an ettin simulacrum
   173 | Abyss:1  | Noticed a small abomination
   191 | Abyss:1  | Noticed a large abomination
   191 | Abyss:1  | Noticed a wretched star
   193 | D:1      | Escaped the Abyss
   310 | D:1      | Reached XP level 2. HP: 28/29 MP: 5/5
   519 | D:1      | Reached * piety under Lugonu
   522 | D:1      | Reached XP level 3. HP: 28/35 MP: 6/6
  1029 | D:2      | Reached skill level 1 in Short Blades
  1029 | D:2      | Reached skill level 1 in Long Blades
  1029 | D:2      | Reached skill level 1 in Maces & Flails
  1029 | D:2      | Reached skill level 1 in Polearms
  1029 | D:2      | Reached skill level 1 in Staves
  1029 | D:2      | Reached skill level 1 in Slings
  1029 | D:2      | Reached skill level 1 in Bows
  1029 | D:2      | Reached skill level 1 in Crossbows
  1029 | D:2      | Reached skill level 1 in Throwing
  1029 | D:2      | Reached skill level 1 in Stealth
  1029 | D:2      | Reached skill level 1 in Shields
  1029 | D:2      | Reached skill level 1 in Unarmed Combat
  1029 | D:2      | Reached skill level 1 in Spellcasting
  1029 | D:2      | Reached skill level 1 in Evocations
  1223 | D:2      | Reached XP level 4. HP: 35/41 MP: 7/7
  1787 | D:2      | Reached skill level 1 in Conjurations
  1787 | D:2      | Reached skill level 1 in Hexes
  1787 | D:2      | Reached skill level 1 in Summonings
  1787 | D:2      | Reached skill level 1 in Necromancy
  1787 | D:2      | Reached skill level 1 in Translocations
  1787 | D:2      | Reached skill level 1 in Transmutations
  1787 | D:2      | Reached skill level 1 in Fire Magic
  1787 | D:2      | Reached skill level 1 in Ice Magic
  1787 | D:2      | Reached skill level 1 in Air Magic
  1787 | D:2      | Reached skill level 1 in Earth Magic
  1787 | D:2      | Reached skill level 1 in Poison Magic
  1921 | D:3      | Reached ** piety under Lugonu
  2021 | D:3      | Got a shimmering iron ring
  2130 | D:3      | Reached XP level 5. HP: 40/47 MP: 8/8
  2637 | D:3      | Found a shadowy altar of Dithmenos.
  2652 | D:3      | Identified the ring of Creativity {*Corrode rF+ EV+4 Int+3
                  | Dex+4} (You found it on level 3 of the Dungeon)
  2710 | D:3      | Reached skill level 5 in Invocations
  2763 | D:4      | Found Disin's Weapon Emporium.
  2772 | D:4      | Bought a +0 broad axe for 40 gold pieces
  2877 | D:4      | Noticed an ogre
  2888 | D:4      | Killed an ogre
  2888 | D:4      | Reached skill level 5 in Axes
  2888 | D:4      | Reached skill level 5 in Armour
  2888 | D:4      | Reached XP level 6. HP: 52/53 MP: 9/9
  2986 | D:4      | Reached skill level 2 in Stealth
  3418 | D:5      | Entered Level 5 of the Dungeon
  3431 | D:5      | Reached XP level 7. HP: 59/59 MP: 10/10
  4138 | D:5      | Reached *** piety under Lugonu
  4322 | D:5      | Reached XP level 8. HP: 60/67 MP: 12/12
  4385 | D:5      | Reached skill level 3 in Stealth
  4447 | D:6      | Noticed Pikel
  4668 | D:5      | Killed Pikel
  5963 | D:6      | Found a staircase to the Ecumenical Temple.
  6051 | D:6      | Reached XP level 9. HP: 56/72 MP: 14/14
  6123 | D:6      | Reached skill level 4 in Stealth
  6483 | D:6      | Found Alostrock's Antique Weapon Boutique.
  6486 | D:6      | Bought a twisted mace for 248 gold pieces
  6486 | D:6      | Identified the cursed +0 mace of Vigoj {vorpal, Dex+2} (You
                  | bought it in a shop on level 6 of the Dungeon)
  6699 | D:7      | Found Pakof's Magic Scroll Shop.
  6722 | D:7      | Bought a scroll of teleportation for 39 gold pieces
  6722 | D:7      | Bought a scroll of enchant weapon for 97 gold pieces
  6722 | D:7      | Bought a scroll of blinking for 97 gold pieces
  6757 | D:7      | Got a flickering pewter amulet
  6758 | D:7      | Identified the amulet of Summertime {Faith +Blink rElec}
                  | (You found it on level 7 of the Dungeon)
  6787 | D:7      | Reached skill level 5 in Dodging
  6969 | D:7      | Found Gujilav's Book Boutique.
  7142 | D:7      | Reached **** piety under Lugonu
  7591 | D:7      | Found Acum's Assorted Antiques.
  7594 | D:7      | Bought a scroll of teleportation for 84 gold pieces
  7924 | D:8      | Reached XP level 10. HP: 77/80 MP: 17/17
  8006 | D:8      | Reached skill level 5 in Short Blades
  8006 | D:8      | Reached skill level 5 in Long Blades
  8006 | D:8      | Reached skill level 5 in Maces & Flails
  8006 | D:8      | Reached skill level 5 in Polearms
  8006 | D:8      | Reached skill level 5 in Staves
  8006 | D:8      | Reached skill level 5 in Slings
  8006 | D:8      | Reached skill level 5 in Bows
  8006 | D:8      | Reached skill level 5 in Crossbows
  8006 | D:8      | Reached skill level 5 in Throwing
  8006 | D:8      | Reached skill level 5 in Stealth
  8006 | D:8      | Reached skill level 5 in Shields
  8006 | D:8      | Reached skill level 5 in Unarmed Combat
  8006 | D:8      | Reached skill level 5 in Spellcasting
  8006 | D:8      | Reached skill level 5 in Evocations
  9071 | D:9      | Reached ***** piety under Lugonu
  9892 | D:9      | Noticed Joseph
  9910 | D:9      | Killed Joseph
 10849 | D:10     | Entered Level 10 of the Dungeon
 10957 | D:10     | Reached XP level 11. HP: 87/87 MP: 19/19
 11129 | D:10     | Noticed a two-headed ogre
 11954 | D:10     | Reached skill level 6 in Stealth
 12046 | D:10     | Killed a two-headed ogre
 12046 | D:10     | Reached skill level 5 in Conjurations
 12046 | D:10     | Reached skill level 5 in Hexes
 12046 | D:10     | Reached skill level 5 in Summonings
 12046 | D:10     | Reached skill level 5 in Necromancy
 12046 | D:10     | Reached skill level 5 in Translocations
 12046 | D:10     | Reached skill level 5 in Transmutations
 12046 | D:10     | Reached skill level 5 in Fire Magic
 12046 | D:10     | Reached skill level 5 in Ice Magic
 12046 | D:10     | Reached skill level 5 in Air Magic
 12046 | D:10     | Reached skill level 5 in Earth Magic
 12046 | D:10     | Reached skill level 5 in Poison Magic
 12053 | D:10     | Noticed a centaur warrior
 12055 | D:10     | Noticed a brown ugly thing
 12082 | D:10     | Killed an unseen horror
 12358 | D:10     | Killed a centaur warrior
 12453 | D:10     | Banished a brown ugly thing
 12707 | D:10     | Noticed a two-headed ogre
 12723 | D:10     | Killed a two-headed ogre
 13192 | D:10     | Noticed a deep elf mage
 13201 | D:10     | Killed a deep elf mage
 13505 | D:11     | Noticed a white ugly thing
 13525 | D:10     | Got a blackened helmet
 13532 | D:10     | Banished a white ugly thing
 13538 | D:10     | Identified the +2 helmet of Howling Wind {rElec Stlth+}
                  | (You found it on level 10 of the Dungeon)
 13997 | D:11     | Found a staircase to the Lair.
 14185 | D:11     | Found a staircase to the Orcish Mines.
 14187 | D:11     | Reached XP level 12. HP: 96/96 MP: 22/22
 14743 | Lair:1   | Entered Level 1 of the Lair of Beasts
 14748 | Lair:1   | Noticed Fannar
 15004 | Lair:1   | Banished Fannar
 15004 | Lair:1   | Reached skill level 7 in Stealth
 16836 | Lair:2   | Reached skill level 10 in Fighting
 17416 | Lair:2   | Noticed a death yak
 17417 | Lair:2   | Noticed a death yak
 17418 | Lair:2   | Noticed a death yak
 17423 | Lair:2   | Noticed a death yak
 17433 | Lair:2   | Noticed a death yak
 17455 | Lair:2   | Got a twisted chain mail
 17622 | Lair:2   | Identified the +0 chain mail of Barnacled Creativity
                  | {rElec} (You found it on level 2 of the Lair of Beasts)
 17855 | Lair:1   | Killed a death yak
 18147 | D:12     | Noticed a tengu warrior
 18184 | D:11     | Banished a tengu warrior
 18756 | D:12     | Found a shimmering altar of Xom.
 18760 | D:12     | Found the macabre finger necklace {rN+}
 19097 | D:12     | Noticed a two-headed ogre
 19109 | D:12     | Killed a two-headed ogre
 19109 | D:12     | Reached XP level 13. HP: 39/103 MP: 24/24
 19886 | D:12     | Reached skill level 8 in Stealth
 19997 | D:12     | Got a pair of pitted boots
 20003 | D:12     | Identified the +1 pair of boots of Hepliaklqana's Regard
                  | {rPois Dex+3} (You found it on level 12 of the Dungeon)
 20694 | Lair:1   | Reached skill level 10 in Invocations
 21915 | Lair:3   | Found a staircase to the Snake Pit.
 21931 | Lair:3   | Found a staircase to the Swamp.
 22260 | Lair:3   | HP: 3/104 [yak (5)]
 22794 | Lair:4   | Found a stormy altar of Qazlal.
 23302 | Lair:4   | Found a runed translucent door.
 24037 | Lair:3   | Reached XP level 14. HP: 47/111 MP: 26/26
 24433 | Lair:4   | Reached skill level 10 in Axes
 24433 | Lair:4   | Reached skill level 10 in Armour
 24729 | Lair:5   | Found a runed translucent gate.
 24732 | Lair:5   | Found a runed translucent gate.
 24733 | Lair:5   | Found a runed translucent gate.
 24745 | Lair:5   | Noticed Acosmix's ghost (journeyman GrFi)
 24775 | Lair:5   | Reached skill level 9 in Stealth
 25029 | Lair:5   | Found a viscous altar of Jiyva.
 25029 | Lair:5   | Found a staircase to the Slime Pits.
 25411 | Lair:5   | Got a scintillating iron ring
 25419 | Lair:5   | Got a slimy falchion
 25420 | Lair:5   | Identified the +8 falchion of Juogho {venom, +Inv rF++
                  | Int-3 SInv} (You found it on level 5 of the Lair of Beasts)
 25422 | Lair:5   | Identified the ring of the Echidna {rF+ MR+ Int+4} (You
                  | found it on level 5 of the Lair of Beasts)
 26641 | Lair:4   | Killed Acosmix's ghost
 27318 | Lair:6   | Entered Level 6 of the Lair of Beasts
 27351 | Lair:6   | Noticed Urug
 28799 | Lair:6   | Killed Urug
 29270 | Lair:6   | Reached skill level 10 in Dodging
 29494 | Lair:5   | Reached skill level 10 in Stealth
 29545 | Lair:5   | Reached XP level 15. HP: 73/119 MP: 28/28
 29782 | Lair:6   | Noticed Snorg
 29802 | Lair:5   | Reached XP level 16. HP: 118/127 MP: 29/29
 29827 | Lair:5   | Killed Snorg
 29827 | Lair:5   | Reached skill level 10 in Short Blades
 29827 | Lair:5   | Reached skill level 10 in Long Blades
 29827 | Lair:5   | Reached skill level 10 in Maces & Flails
 29827 | Lair:5   | Reached skill level 10 in Polearms
 29827 | Lair:5   | Reached skill level 10 in Staves
 29827 | Lair:5   | Reached skill level 10 in Slings
 29827 | Lair:5   | Reached skill level 10 in Bows
 29827 | Lair:5   | Reached skill level 10 in Crossbows
 29827 | Lair:5   | Reached skill level 10 in Throwing
 29827 | Lair:5   | Reached skill level 10 in Shields
 29827 | Lair:5   | Reached skill level 10 in Unarmed Combat
 29827 | Lair:5   | Reached skill level 10 in Spellcasting
 29827 | Lair:5   | Reached skill level 10 in Evocations
 30675 | Lair:6   | Noticed Kirke
 31019 | Lair:6   | Noticed a sphinx
 31022 | Lair:6   | Killed Kirke
 31256 | Lair:6   | Found a runed translucent door.
 31258 | Lair:6   | Noticed CheiIsBae's ghost (journeyman HOFi)
 31705 | D:12     | Noticed Rupert
 31725 | D:12     | Killed Rupert
 31725 | D:12     | Reached skill level 11 in Stealth
 31943 | D:12     | Found Siomuex's General Store.
 31959 | D:12     | Bought a scroll of teleportation for 39 gold pieces
 31959 | D:12     | Bought a +2 chain mail of fire resistance for 279 gold
                  | pieces
 34414 | D:14     | Identified Roxanne's Compendium of Clay
 34414 | D:14     | Noticed Roxanne
 34897 | D:14     | Found a gate to the Vaults.
 35731 | D:14     | Corrupted D:14
 35731 | D:14     | Noticed a tentacled starspawn
 35743 | D:14     | Killed Roxanne
 35832 | D:15     | Entered Level 15 of the Dungeon
 35855 | D:15     | Found a staircase to the Depths.
 36285 | D:14     | Found Tosareurgh's Gadget Shoppe.
 36609 | D:15     | Reached XP level 17. HP: 100/134 MP: 19/31
 36612 | D:15     | Reached skill level 12 in Stealth
 36618 | D:15     | Noticed Jorgrun
 36877 | D:15     | Killed Jorgrun
 37466 | D:15     | Identified a scroll of acquirement
 37466 | D:15     | Acquired the ring of Grace {AC+4 Dex+2}
 38938 | Orc:1    | Entered Level 1 of the Orcish Mines
 39587 | Orc:2    | Entered Level 2 of the Orcish Mines
 39867 | Orc:2    | Noticed Sonja
 39880 | Orc:2    | Killed Sonja
 39999 | Orc:2    | Found Turung's Book Shop.
 40150 | Orc:2    | Found Ytzef's Antique Armour Boutique.
 40313 | Orc:2    | Found Luanuyt's Antique Weapon Shop.
 40692 | Orc:2    | Found Fuall's General Store.
 41003 | Orc:2    | Bought a garnet-encrusted plate armour for 1008 gold pieces
 41042 | Orc:2    | Identified the +6 plate armour of Asceticism {*Corrode rC+
                  | Regen+ Dex+3} (You bought it in a shop on level 2 of the
                  | Orcish Mines)
 41165 | Orc:2    | Found a runed translucent door.
 41168 | Orc:2    | Found the +10 tower shield of Ignorance {rN+ Int-4}
 41300 | Orc:2    | Found a runed translucent door.
 41326 | Orc:2    | Corrupted Orc:2
 41326 | Orc:2    | Noticed a profane servitor
 41327 | Orc:2    | Noticed a bone dragon
 41327 | Orc:2    | Noticed a tentacled starspawn
 41483 | Orc:2    | Noticed a bone dragon
 41551 | Orc:2    | Found a staircase to the Elven Halls.
 41791 | Snake:1  | Entered Level 1 of the Snake Pit
 41846 | Snake:1  | Noticed Aizul
 41872 | Snake:1  | Killed Aizul
 42263 | Snake:1  | Noticed Azrael
 42287 | Snake:1  | Killed Azrael
 42568 | Snake:1  | Reached skill level 13 in Stealth
 43277 | Abyss:1  | Noticed a lich
 43318 | Snake:1  | Escaped the Abyss
 43337 | Snake:2  | Found Laiv's Gadget Shoppe.
 43512 | Snake:2  | Reached XP level 18. HP: 129/143 MP: 33/33
 44246 | Snake:3  | Reached skill level 10 in Conjurations
 44246 | Snake:3  | Reached skill level 10 in Hexes
 44246 | Snake:3  | Reached skill level 10 in Summonings
 44246 | Snake:3  | Reached skill level 10 in Necromancy
 44246 | Snake:3  | Reached skill level 10 in Translocations
 44246 | Snake:3  | Reached skill level 10 in Transmutations
 44246 | Snake:3  | Reached skill level 10 in Fire Magic
 44246 | Snake:3  | Reached skill level 10 in Ice Magic
 44246 | Snake:3  | Reached skill level 10 in Air Magic
 44246 | Snake:3  | Reached skill level 10 in Earth Magic
 44246 | Snake:3  | Reached skill level 10 in Poison Magic
 45202 | Snake:3  | Found Sufuatt's Jewellery Boutique.
 45204 | Snake:3  | Found Plog's Gadget Emporium.
 45205 | Snake:3  | Found Hejaovuh's Jewellery Boutique.
 45428 | Snake:4  | Entered Level 4 of the Snake Pit
 46476 | Snake:4  | Reached skill level 14 in Stealth
 47544 | Snake:4  | Reached XP level 19. HP: 93/150 MP: 35/35
 48013 | Snake:4  | Noticed Vashnia
 48239 | Snake:4  | Reached ****** piety under Lugonu
 49806 | Snake:4  | Got a serpentine rune of Zot
 50787 | Snake:4  | Killed Vashnia
 50787 | Snake:4  | Reached skill level 15 in Stealth
 51122 | Vaults:1 | Entered Level 1 of the Vaults
 51806 | Vaults:1 | Reached XP level 20. HP: 153/159 MP: 36/36
 53104 | Vaults:2 | Noticed Margery
 53124 | Vaults:2 | Killed Margery
 53203 | Vaults:2 | Noticed Mara
 53207 | Vaults:2 | Noticed Gargoyl's illusion
 53237 | Vaults:2 | Noticed Gargoyl's illusion
 53477 | Vaults:2 | Escaped the Abyss
 53484 | Vaults:2 | Noticed Gargoyl's illusion
 53508 | Vaults:1 | Found Wobiq's Armour Shop.
 53528 | Vaults:1 | Noticed Gargoyl's illusion
 53547 | Vaults:1 | Noticed Gargoyl's illusion
 53577 | Vaults:1 | Noticed Gargoyl's illusion
 53973 | Vaults:2 | Reached skill level 16 in Stealth
 54214 | Vaults:2 | Cast into level 2 of the Abyss (a deep elf demonologist)
 54238 | Vaults:2 | Escaped the Abyss
 54287 | Vaults:2 | Reached skill level 15 in Invocations
 54350 | Vaults:2 | Found Tiroa's Book Boutique.
 54390 | Vaults:2 | Got a dazzling chain mail
 54555 | Vaults:2 | Identified the +7 chain mail of Teeraj Woon {Stlth+} (You
                  | found it on level 2 of the Vaults)
 54903 | Vaults:2 | Found Ukat's Distillery.
 54908 | Vaults:2 | Found Qouj's Weapon Emporium.
 54911 | Vaults:2 | Bought a potion of heal wounds for 60 gold pieces
 54911 | Vaults:2 | Bought 2 potions of heal wounds for 120 gold pieces
 54911 | Vaults:2 | Bought 2 potions of curing for 72 gold pieces
 54911 | Vaults:2 | Bought 2 potions of curing for 72 gold pieces
 54911 | Vaults:2 | Bought a potion of mutation for 96 gold pieces
 54953 | Vaults:2 | Noticed a Tzitzimitl
 55199 | Vaults:2 | Found the ring of the Mage {Wiz MR++ Int+3}
 55237 | Vaults:2 | Found a shimmering blue altar of Sif Muna.
 55240 | Vaults:2 | Found a transporter.
 55281 | Vaults:2 | Reached XP level 21. HP: 166/166 MP: 38/38
 55334 | Vaults:2 | Found a transporter.
 55423 | Vaults:2 | You fall into a shaft and drop 1 floor!
 55533 | Vaults:3 | Noticed Donald
 55563 | Vaults:3 | Killed Donald
 55860 | Vaults:3 | Found a staircase to the Crypt.
 55903 | Vaults:2 | Found Bodileor's Assorted Antiques.
 55993 | Vaults:2 | Bought 2 potions of heal wounds for 310 gold pieces
 56022 | Vaults:2 | Found Rowkuady's Armour Shop.
 56076 | Vaults:2 | Identified the Compendium of Fiery Orientation
 56594 | Vaults:3 | Reached skill level 15 in Fighting
 56625 | Vaults:3 | Identified the ring of Saqe Ocvyu {rElec MR- Str+9 SInv}
 57373 | Vaults:3 | Noticed Asterion
 57391 | Vaults:3 | Killed Asterion
 57589 | Vaults:4 | Paralysed by a sphinx for 2 turns
 57598 | Vaults:4 | Reached skill level 17 in Stealth
 58365 | Vaults:4 | Gained mutation: Scrolls take you a little longer to read.
                  | [potion of mutation]
 58365 | Vaults:4 | Gained mutation: You have sharp toenails. [potion of
                  | mutation]
 58365 | Vaults:4 | Gained mutation: You occasionally shout uncontrollably at
                  | your foes. [potion of mutation]
 58365 | Vaults:4 | Gained mutation: You are resistant to hostile enchantments.
                  | (MR+) [potion of mutation]
 58366 | Vaults:4 | Lost mutation: You are resistant to hostile enchantments.
                  | (MR+) [potion of mutation]
 58366 | Vaults:4 | Gained mutation: You are partially covered in yellow
                  | scales. (AC +2) [potion of mutation]
 58366 | Vaults:4 | Gained mutation: You are frail. (-10% HP) [potion of
                  | mutation]
 58366 | Vaults:4 | Gained mutation: Your spells are a little easier to cast,
                  | but a little less powerful. [potion of mutation]
 58366 | Vaults:4 | Gained mutation: Your muscles are strong. (Str +2) [potion
                  | of mutation]
 58367 | Vaults:4 | Lost mutation: You occasionally shout uncontrollably at
                  | your foes. [potion of mutation]
 58367 | Vaults:4 | Lost mutation: Scrolls take you a little longer to read.
                  | [potion of mutation]
 58367 | Vaults:4 | Lost mutation: You have sharp toenails. [potion of
                  | mutation]
 58367 | Vaults:4 | Lost mutation: You are frail. (-10% HP) [potion of
                  | mutation]
 58367 | Vaults:4 | Gained mutation: Your system is resistant to poisons.
                  | (rPois) [potion of mutation]
 58367 | Vaults:4 | Gained mutation: Your flesh is heat resistant. (rF+)
                  | [potion of mutation]
 58368 | Vaults:4 | Lost mutation: Your system is resistant to poisons. (rPois)
                  | [potion of mutation]
 58368 | Vaults:4 | Lost mutation: Your spells are a little easier to cast, but
                  | a little less powerful. [potion of mutation]
 58368 | Vaults:4 | Gained mutation: You are covered in fur. (AC +1) [potion of
                  | mutation]
 58368 | Vaults:4 | Gained mutation: You tend to lose your temper in combat.
                  | [potion of mutation]
 58368 | Vaults:4 | Gained mutation: Your movements are slightly less
                  | encumbered by armour. (ER -2) [potion of mutation]
 58369 | Vaults:4 | Lost mutation: You tend to lose your temper in combat.
                  | [potion of mutation]
 58369 | Vaults:4 | Lost mutation: Your muscles are strong. (Str +2) [potion of
                  | mutation]
 58369 | Vaults:4 | Lost mutation: You are covered in fur. (AC +1) [potion of
                  | mutation]
 58369 | Vaults:4 | Gained mutation: You are resistant to electric shocks.
                  | (rElec) [potion of mutation]
 58369 | Vaults:4 | Gained mutation: You have sharp fingernails. [potion of
                  | mutation]
 58370 | Vaults:4 | Lost mutation: Your movements are slightly less encumbered
                  | by armour. (ER -2) [potion of mutation]
 58370 | Vaults:4 | Lost mutation: You are resistant to electric shocks.
                  | (rElec) [potion of mutation]
 58370 | Vaults:4 | Lost mutation: You have sharp fingernails. [potion of
                  | mutation]
 58370 | Vaults:4 | Gained mutation: Your flesh is very heat resistant. (rF++)
                  | [potion of mutation]
 58370 | Vaults:4 | Gained mutation: You are resistant to hostile enchantments.
                  | (MR+) [potion of mutation]
 58370 | Vaults:4 | Gained mutation: You have large cloven feet. [potion of
                  | mutation]
 58370 | Vaults:4 | Gained mutation: You have hoof-like feet. [potion of
                  | mutation]
 58852 | Vaults:5 | Entered Level 5 of the Vaults
 58853 | Vaults:5 | Corrupted Vaults:5
 58853 | Vaults:5 | Noticed a bone dragon
 59043 | Elf:1    | Entered Level 1 of the Elven Halls
 59065 | Elf:1    | Got a bronze ring mail
 59066 | Elf:1    | Identified the +2 ring mail "Itrar" {Rampage SInv} (You
                  | found it on level 1 of the Elven Halls)
 59335 | Elf:1    | Gained mutation: You are frail. (-10% HP) [a neqoxec]
 59336 | Elf:1    | Gained mutation: You are very frail. (-20% HP) [a neqoxec]
 59505 | Elf:1    | Reached XP level 22. HP: 141/141 MP: 40/40
 60524 | Elf:2    | Found a runed translucent gate.
 60546 | Elf:2    | Noticed happy's ghost (adept PaFi)
 60547 | Elf:2    | Found a runed translucent gate.
 60547 | Elf:2    | Found a runed translucent gate.
 60549 | Elf:2    | Found the +8 longbow "Zephyr" {speed, Dex+3 SInv}
 60611 | Elf:2    | Killed happy's ghost
 60639 | Elf:2    | Got a scorched turquoise ring
 60640 | Elf:2    | Identified the ring of Pext {rPois rF+ Dex+3} (You found it
                  | on level 2 of the Elven Halls)
 60808 | Elf:2    | Found a huge runed translucent gate.
 60808 | Elf:2    | Found a huge runed translucent gate.
 60808 | Elf:2    | Found a huge runed translucent gate.
 60831 | Elf:2    | Found a huge runed translucent gate.
 60831 | Elf:2    | Found a huge runed translucent gate.
 61157 | Elf:2    | Reached skill level 15 in Axes
 61157 | Elf:2    | Reached skill level 15 in Armour
 61325 | Elf:3    | Entered Level 3 of the Elven Halls
 61325 | Elf:3    | Found Epugaat's Jewellery Shoppe.
 61546 | Elf:3    | Found Ulyepoeps's General Store.
 61696 | Elf:3    | Found Qaf Owid's Assorted Antiques.
 61710 | Elf:3    | Found Listraij's Antique Weapon Shoppe.
 61725 | Elf:3    | Found Qeyk Kaor's Antique Armour Emporium.
 62207 | Elf:3    | Gained mutation: Your body sometimes deteriorates upon
                  | taking damage. [a neqoxec]
 62209 | Elf:3    | Reached skill level 18 in Stealth
 62467 | Elf:3    | Escaped the Abyss
 63140 | Elf:3    | Corrupted Elf:3
 63310 | Elf:3    | Identified the +10 quarterstaff of Distraction {speed,
                  | rElec rF+ Str+4 Dex+6}
 63383 | Elf:3    | Identified Ficreont's Incunabulum of the Frostbite
 63391 | Elf:3    | Reached XP level 23. HP: 122/148 MP: 41/41
 63437 | Elf:3    | Identified the Papyrus of Evil
 63445 | Elf:3    | Identified Faicuere's Tome of Congealing Poison
 63485 | Elf:3    | Got a pair of translucent boots
 63486 | Elf:3    | Identified the +2 pair of boots "Hidgh" {Int+2 SInv} (You
                  | found it on level 3 of the Elven Halls)
 63493 | Elf:3    | Identified Sif Muna's Collected Works on Noxious Earth
 63564 | Elf:3    | Got an encrusted chain mail
 63565 | Elf:3    | Identified the cursed +1 chain mail of Mental Paralysis
                  | {MP+9 Str+2} (You found it on level 3 of the Elven Halls)
 63895 | Vaults:4 | Reached skill level 15 in Dodging
 64436 | Vaults:5 | Noticed a golden dragon
 64441 | Vaults:5 | Noticed an ancient lich
 64455 | Vaults:5 | Killed a golden dragon
 64643 | Vaults:5 | Escaped the Abyss
 64671 | Vaults:4 | Killed from afar by an ancient lich

Illustrated notes

Levels and vault maps discovered:
D:1:      mrwooster_arrival_statue, layout_rooms, chequers_serial_rivers_micro_b
D:2:      layout_basic
D:3:      layout_basic, grunt_dithmenos_smoke, minmay_checkerbox
D:4:      layout_basic, serial_shops, shop
D:5:      layout_basic
D:6:      cheibrodos_fzero, layout_loops_ring, minmay_temple_entry_arrows,
          serial_shops, kennysheep_mini, uniq_pikel
D:7:      layout_basic, serial_shops, shop_coins,
          nicolae_shop_temple_entry_statues_fountains, kennysheep_mini_moat
D:8:      layout_cave_pools, serial_rivers, chequers_serial_rivers_small_3,
          chequers_serial_rivers_micro_a, chequers_serial_rivers_micro_b,
          chequers_serial_rivers_room_a
D:9:      layout_cave_pods, uniq_joseph
D:10:     minmay_quarter_circles, layout_basic, minmay_misc_feat_secret_circle
D:11:     layout_rooms, dpeg_oklobed_lair, david_orc_3, portal_ice_cave_rime
D:12:     layout_gridville, basic_altar, serial_shops, nicolae_shop_stone,
          uniq_rupert
D:13:     layout_basic, serial_undead, serial_undead_b, serial_undead_b,
          serial_undead_d, serial_undead_b, serial_undead_b, serial_undead_a,
          serial_undead_f, chequers_serial_rivers_micro_a
D:14:     layout_roguey, hangedman_vaults_entry_quadrant_bands,
          grunt_decor_mini_mirrors, serial_shops, nicolae_shop_crystal,
          uniq_roxanne
D:15:     gammafunk_depths_entry_grave, layout_loops_ring, serial_park_square1
          [serial_park_minivault_5x5_1], uniq_jorgrun
Lair:1:   layout_regular_city, serial_bayou_pond_e, infiniplex_staircase_pool_2,
          uniq_fannar
Lair:2:   layout_chaotic_city, minivault_27, grunt_megastairs_3,
          infiniplex_staircase_pool
Lair:3:   layout_gridlike, minmay_swamp_entry_reptiles, dummy_snake_entry
Lair:4:   layout_gridlike, basic_altar, pf_torpor_hydra
Lair:5:   layout_misc_corridors, slime_altar_1, maelrawn_ghost_gauntlet_escape,
          enter_volcano_3, st_stairs_11, bobbens_dragon_lair_wall
Lair:6:   minmay_lair_end_frog_pond, layout_hall_layers,
          ebering_ghost_inner_flame, uniq_kirke, uniq_urug, uniq_snorg
Snake:1:  layout_honeycomb, hangedman_snake_thin_pillar_pass, uniq_aizul,
          uniq_azrael
Snake:2:  layout_cave_town, serial_shops, shop_fountains
Snake:3:  layout_cave_town, nrook_guardian_serpent_ordinary, minmay_shop_grove
Snake:4:  grunt_snake_rune_spirals, layout_onion, uniq_vashnia
Orc:1:    layout_caves
Orc:2:    grunt_orc_gardens, layout_diamond_mine, grunt_orc_garden,
          grunt_orc_garden, grunt_orc_garden, grunt_orc_garden,
          chequers_guarded_unrand_ignorance, uniq_sonja
Elf:1:    layout_geoelf_diagonals, minivault_28, roderic_lattice_octagonal_star
Elf:2:    layout_geoelf_octagon, ebering_ghost_rock_garden
Elf:3:    minmay_elf_hall_spiked, layout_geoelf_diagonals, serial_shops,
          nicolae_shop_trees, nicolae_shop_overgrown_old_shop,
          nicolae_shop_crystal, nicolae_shop_statue_plus, shop
Vaults:1: grunt_vaults_swirl, hangedman_vaults_trim, v_alt_pattern_5,
          nicolae_vaults_windows_and_doors_thing,
          vaults_room_grunt_arrival_ludios, nicolae_vaults_border_crossing,
          vaults_dpeg_diagonal, ontoclasm_vaults_decontamination,
          vaults_dpeg_hooks, layout_vaults_big_room, serial_shops, shop_statue
Vaults:2: hangedman_vaults_pinch, v_misc_12, v_rooms_6,
          nicolae_vaults_stairing_the_circle, ontoclasm_vaults_idyll,
          nicolae_vaults_puzzle_piece, v_pattern_4, vaults_room_large_hall,
          gammafunk_sealed_library, ontoclasm_vaults_ring_large,
          nicolae_vaults_rhombus_6, nicolae_vaults_theta, layout_vaults_omnibox,
          serial_shops, shop, nicolae_shop_competitors_out_of_business,
          nicolae_shop_overgrown_old_shop, shop, shop, uniq_mara, uniq_margery
Vaults:3: minmay_crypt_entry_vampire_xt, v_alt_pattern_6,
          vaults_standard_mumra_x, nicolae_vaults_angled_halls, st_octagons_1,
          nicolae_vaults_sealed_display, vaults_room_boxed,
          ontoclasm_vaults_claustrophobia, nicolae_vaults_little_squares_5,
          v_alt_pattern_3, nicolae_vaults_specimen_jars,
          nicolae_vaults_circle_grid_a, hangedman_vaults_hat,
          layout_vaults_maze, uniq_donald, uniq_asterion
Vaults:4: ontoclasm_vaults_idyll, vaults_mumra_hex, v_misc_23, v_misc_30,
          nicolae_vaults_network_s, nicolae_vaults_diagonal_hallway_6,
          hangedman_vaults_capsules, vaults_dpeg_ring, v_misc_16,
          vaults_room_semicircle, layout_vaults_quadrants
Vaults:5: serial_shops

Skill      XL: |  1  2  3  4  5  6  7  8  9 10 11 12 13 14 15 16 17 18 19 20 21 22 23 |
---------------+----------------------------------------------------------------------+-----
Short Blades   | 1 2 3 4 5 6 7 8 9 10 11 12 13 14 | 14.9
Long Blades    | 1 2 3 4 5 6 7 8 9 10 11 12 13 14 | 14.9
Maces & Flails | 1 2 3 4 5 6 7 8 9 10 11 12 13 14 | 14.9
Polearms       | 1 2 3 4 5 6 7 8 9 10 11 12 13 14 | 14.9
Staves         | 1 2 3 4 5 6 7 8 9 10 11 12 13 14 | 14.9
Slings         | 1 2 3 4 5 6 7 8 9 10 11 12 13 14 | 14.9
Bows           | 1 2 3 4 5 6 7 8 9 10 11 12 13 14 | 14.9
Crossbows      | 1 2 3 4 5 6 7 8 9 10 11 12 13 14 | 14.9
Throwing       | 1 2 3 4 5 6 7 8 9 10 11 12 13 14 | 14.9
Stealth        | 1 2 3 4 5 6 7 8 10 11 13 14 15 16 17 18 | 18.5
Shields        | 1 2 3 4 5 6 7 8 9 10 11 12 13 14 | 14.9
Unarmed Combat | 1 2 3 4 5 6 7 8 9 10 11 12 13 14 | 14.9
Spellcasting   | 1 2 3 4 5 6 7 8 9 10 11 12 13 14 | 14.9
Evocations     | 1 2 3 4 5 6 7 8 9 10 11 12 13 14 | 14.9
Conjurations   | 1 2 3 4 5 6 7 8 9 10 11 12 | 12.8
Hexes          | 1 2 3 4 5 6 7 8 9 10 11 12 | 12.8
Summonings     | 1 2 3 4 5 6 7 8 9 10 11 12 | 12.8
Necromancy     | 1 2 3 4 5 6 7 8 9 10 11 12 | 12.8
Translocations | 1 2 3 4 5 6 7 8 9 10 11 12 | 12.8
Transmutations | 1 2 3 4 5 6 7 8 9 10 11 12 | 12.8
Fire Magic     | 1 2 3 4 5 6 7 8 9 10 11 12 | 12.8
Ice Magic      | 1 2 3 4 5 6 7 8 9 10 11 12 | 12.8
Air Magic      | 1 2 3 4 5 6 7 8 9 10 11 12 | 12.8
Earth Magic    | 1 2 3 4 5 6 7 8 9 10 11 12 | 12.8
Poison Magic   | 1 2 3 4 5 6 7 8 9 10 11 12 | 12.8
Dodging        | 3 4 5 6 7 8 9 10 11 12 13 14 15 | 15.1
Invocations    | 5 6 7 8 9 10 11 12 13 14 15 16 | 16.6
Axes           | 5 6 7 8 9 10 11 12 13 14 15 | 15.4
Armour         | 5 6 7 8 9 10 11 12 13 14 15 | 15.4
Fighting       | 7 8 9 10 11 12 13 14 15 16 17 | 17.0

Action                   |  1- 3 |  4- 6 |  7- 9 | 10-12 | 13-15 | 16-18 | 19-21 | 22-24 || total
-------------------------+-------+-------+-------+-------+-------+-------+-------+-------++-------
Melee: Hand axe          |   102 |    22 |       |       |       |       |       |       ||   124
       Bite              |     5 |    14 |    49 |   104 |   199 |   515 |   457 |   189 ||  1532
       Punch             |     1 |       |     3 |       |       |       |       |       ||     4
       Trident           |       |    94 |   248 |       |       |       |       |       ||   342
       Unarmed           |       |       |    18 |       |       |       |       |       ||    18
       Broad axe         |       |       |   148 |   680 |   500 |  1735 |  1922 |   835 ||  5820
       Falchion          |       |       |       |       |   391 |   445 |       |     9 ||   845
       Scimitar          |       |       |       |       |       |       |     5 |       ||     5
Throw: Dart              |       |       |       |    25 |    12 |     5 |       |     1 ||    43
Invok: Depart the Abyss  |     1 |       |       |       |       |     1 |     2 |     2 ||     6
       Banish            |       |       |       |    17 |    19 |     4 |     5 |       ||    45
       Bend Space        |       |       |       |     3 |     7 |     6 |     1 |     4 ||    21
       Corrupt           |       |       |       |       |       |     2 |     1 |     1 ||     4
       Enter the Abyss   |       |       |       |       |       |     1 |     1 |     2 ||     4
 Abil: Evoke Invisibilit |       |       |       |       |     1 |       |       |       ||     1
  Use: Scroll            |     7 |     2 |    14 |     7 |     5 |    13 |    22 |     9 ||    79
       Potion            |       |       |     3 |     3 |    10 |     1 |     7 |     9 ||    33
 Stab: Invisible         |       |       |       |       |     5 |     1 |       |       ||     6
       Sleeping          |       |       |       |       |     1 |    15 |    18 |    14 ||    48
       Petrified         |       |       |       |       |       |     7 |       |       ||     7
       Petrifying        |       |       |       |       |       |     2 |       |       ||     2
       Distracted        |       |       |       |       |       |     4 |     8 |     5 ||    17
       Paralysed         |       |       |       |       |       |       |       |     1 ||     1
Armor: Leather armour    |    19 |       |       |       |       |       |       |       ||    19
       Scale mail        |    18 |       |       |       |       |       |       |       ||    18
       Plate armour      |       |   116 |   297 |   392 |   512 |   419 |   419 |   197 ||  2352
       Skin              |       |       |    15 |       |       |       |       |       ||    15
       Chain mail        |       |       |       |       |       |   319 |       |       ||   319
Dodge: Dodged            |    74 |    50 |   301 |   562 |   693 |  1455 |   679 |   338 ||  4152
       Repelled          |       |     1 |     1 |     5 |    19 |    54 |    40 |    28 ||   148
Block: Buckler           |       |       |    65 |   287 |   406 |   623 |       |       ||  1381
       Tower shield      |       |       |       |       |       |  1663 |  2784 |  1190 ||  5637
       Rpst.: Falchion   |       |       |       |       |    84 |    76 |       |       ||   160

Table legend: (Time is in decaauts)
 A = Elapsed time spent in this place.
 B = Non-inter-level travel time spent in this place.
 C = Inter-level travel time spent in this place.
 D = Time resting spent in this place.
 E = Time spent auto-exploring this place.
 F = Levels seen in this place.
 G = Mean time per level.
                   A        B        C        D        E       F      G
               +--------+--------+--------+--------+--------+-----+--------+
         Total |  65053 |  62449 |   2604 |  21267 |  23976 |  42 | 1548.9 |
       Dungeon |  24912 |  23841 |   1071 |   8344 |  10457 |  15 | 1660.8 |
          Lair |  14807 |  14410 |    397 |   7047 |   4362 |   6 | 2467.8 |
     Snake Pit |   9189 |   8545 |    644 |   2252 |   2873 |   4 | 2297.2 |
  Orcish Mines |   2833 |   2734 |     99 |    977 |    907 |   2 | 1416.5 |
   Elven Halls |   4358 |   4223 |    135 |    784 |   1836 |   3 | 1452.7 |
        Vaults |   7996 |   7739 |    257 |   1383 |   3341 |   5 | 1599.2 |
         Abyss |    956 |    956 |      0 |    479 |    200 |   7 |  136.6 |
               +--------+--------+--------+--------+--------+-----+--------+

Top non-repeatable levels by time:
 Snake:4: 5227 daAuts
  Lair:5: 3748 daAuts
    D:14: 3384 daAuts
  Lair:4: 3081 daAuts
    D:10: 3058 daAuts
     D:5: 2241 daAuts
  Lair:2: 2231 daAuts
  Lair:3: 2183 daAuts
    D:11: 2148 daAuts
  Lair:1: 2139 daAuts
Vaults:1: 2133 daAuts
Vaults:2: 2130 daAuts
     D:9: 2099 daAuts
Vaults:4: 1896 daAuts
    D:12: 1895 daAuts
